 Dungeon Crawl Stone Soup version 0.23.2 (webtiles) character file.

Game seed: 9385236008851632045

83 Borgoz the Covered (level 4, -2/28 HPs)
             Began as a Gargoyle Fighter on Mar 31, 2019.
             Slain by a gnoll
             ... wielding a +3 flail
              (6 damage)
             ... on level 2 of the Dungeon.
             The game lasted 00:02:18 (1019 turns).

Borgoz the Covered (Gargoyle Fighter)               Turns: 1019, Time: 00:02:19

Health: -2/28      AC: 10    Str: 20    XL:     4   Next: 44%
Magic:  5/5        EV: 10    Int:  8    God:
Gold:   55         SH:  0    Dex: 10    Spells: 5/5 levels left

rFire    . . .     SeeInvis .   a - +0 rapier
rCold    . . .     Gourm    .   (no shield)
rNeg     + . .     Faith    .   b - +0 scale mail
rPois    ∞         Spirit   .   (no helmet)
rElec    +         Reflect  .   (no cloak)
rCorr    .         Harm     .   (no gloves)
MR       .....                  (no boots)
Stlth    ..........             (no amulet)
HPRegen  0.09/turn              (no ring)
MPRegen  0.09/turn              (no ring)

@: no status effects
A: negative energy resistance 1, electricity resistance, unbreathing,
petrification resistance, rot immunity, AC +3
a: no special abilities


You were on level 2 of the Dungeon.
You were not hungry.

You visited 1 branch of the dungeon, and saw 2 of its levels.

You collected 55 gold pieces.

Inventory:

Hand Weapons
 a - a +0 rapier (weapon)
Armour
 b - a +0 scale mail (worn)
 c - a +0 shield
Jewellery
 l - an uncursed ring of ice
Wands
 o - a wand of digging (6)
Scrolls
 g - a scroll of remove curse {unknown}
 k - a scroll of identify {unknown}
 m - a scroll of random uselessness {unknown}
Potions
 d - a potion of might
 e - a potion of mutation {unknown}
 h - a potion of flight {unknown}
 i - a potion of cancellation {unknown}
 j - a potion of agility {unknown}
Comestibles
 f - 3 rations
 n - a chunk of flesh


   Skills:
 + Level 3.5 Fighting
 * Level 2.3 Short Blades
 + Level 0.8 Throwing
 + Level 3.6 Armour
 * Level 1.3 Dodging
 + Level 1.1 Stealth
 - Level 3.2 Shields
 + Level 1.0 Spellcasting


You had 5 spell levels left.
You didn't know any spells.
Your spell library was empty.

Dungeon Overview and Level Annotations

Branches:
Dungeon (2/15)

Altars:


Innate Abilities, Weirdness & Mutations

You are resistant to torment.
Your stone body is resilient. (AC +3)
You are immune to poison.
You resist negative energy. (rN+)
You are resistant to electric shocks. (rElec)
You can survive without breathing.
You are immune to petrification.
You are immune to rotting.


Message History

You closely miss the gnoll.
The gnoll is severely wounded.
The gnoll barely misses you.
You barely miss the gnoll.
The gnoll is severely wounded.
The gnoll hits you but does no damage.
You hit the gnoll.
The gnoll is severely wounded.
The gnoll hits you with a cursed +0 flail.
You hit the gnoll.
You kill the gnoll!
Your Spellcasting skill increases to level 1!
You hit the gnoll.
The gnoll is lightly wounded.
The gnoll hits you with a +3 flail!
* * * LOW HITPOINT WARNING * * *
You hit the gnoll.
The gnoll is severely wounded.
The gnoll hits you with a +3 flail.
You die...

############.#
.........# .........#
.........# # .........#
.# .........# ####..#
.........# #..g..#
.........#######.##.##.
............@g.....(....
.........#######..#.####
.........# #..# .#
.........# #..# #
########## #..# #..#
#..# ..#


You could see a gnoll.

Vanquished Creatures
  3 gnolls
  3 adders (D:2)
  A worm (D:2)
  2 dart slugs (D:1)
  2 goblins (D:1)
  5 hobgoblins (D:1)
  2 kobolds
  4 bats
  A frilled lizard (D:1)
  3 rats
26 creatures vanquished.

Notes
Turn   | Place    | Note
-------+----------+-------------------------------------------
     0 | D:1      | Borgoz the Gargoyle Fighter began the quest for the Orb.
     0 | D:1      | Reached XP level 1. HP: 14/14 MP: 1/1
   163 | D:1      | Reached XP level 2. HP: 19/19 MP: 2/2
   234 | D:1      | Reached XP level 3. HP: 18/23 MP: 3/3
   522 | D:2      | Reached skill level 1 in Dodging
   778 | D:2      | Reached skill level 1 in Stealth
   801 | D:2      | Reached XP level 4. HP: 14/28 MP: 5/5
  1017 | D:2      | Reached skill level 1 in Spellcasting
  1019 | D:2      | Slain by a gnoll

Skill      XL: |  1  2  3  4 |
---------------+-------------+-----
Short Blades   | 2 |  2.3
Dodging        | 1 |  1.3
Stealth        | 1 |  1.1
Spellcasting   | 1 |  1.0
Fighting       | |  3.5
Throwing       | |  0.8
Armour         | |  3.6
Shields        | |  3.2

Action                   |  1- 3 |  4- 6 || total
-------------------------+-------+-------++-------
Melee: Rapier            |    79 |    16 ||    95
Armor: Scale mail        |    42 |     3 ||    45
Dodge: Dodged            |    43 |     3 ||    46
